 Dungeon Crawl Stone Soup version 0.32-a0-699-g1ee5eff69a (webtiles) character file.

Game seed: 1168764613980575024

7 cojito the Shield-Bearer (level 1, 0/14 HPs)
             Began as a Mountain Dwarf Wanderer on Mar 14, 2024.
             Slain by an endoplasm (1 damage)
             ... on level 2 of the Dungeon.
             The game lasted 00:01:01 (230 turns).

cojito the Shield-Bearer (Mountain Dwarf Wanderer)   Turns: 230, Time: 00:01:01

Health: 0/14       AC:  2    Str: 13    XL:     1   Next: 91%
Magic:  0/2        EV:  9    Int: 15    God:
Gold:   24         SH:  3    Dex:  7    Spells: 1/2 levels left

rFire   . . .        a - +0 mace
rCold   . . .        b - +0 buckler
rNeg    . . .        d - +0 robe
rPois   .            (no helmet)
rElec   .            (no cloak)
rCorr   .            (no gloves)
SInv    .            (no boots)
Will    .....        (no amulet)
Stlth   +            (no ring)
HPRegen 0.22/turn    (no ring)
MPRegen 0.08/turn

%: no passive effects
@: very slightly contaminated
A: runic magic, artefact enchanting
a: no special abilities


You were on level 2 of the Dungeon.
You visited 1 branch of the dungeon, and saw 2 of its levels.

You collected 24 gold pieces.

Inventory:

Hand Weapons
 a - a +0 mace (weapon)
Armour
 b - a +0 buckler (worn)
 d - a +0 robe (worn)
Potions
 c - a potion of heal wounds


   Skills:
 + Level 2.7 Maces & Flails
 + Level 1.5 Armour
 + Level 3.5 Shields
 - Level 1.0 Spellcasting
 - Level 2.4 Fire Magic
 - Level 1.2 Invocations


You had one spell level left.
You knew the following spells:

 Your Spells              Type           Power      Damage    Failure   Level
a - Foxfire               Conj/Fire      16%        2x1d4     21%         1

Your spell library contained the following spells:

 Spells                   Type           Power      Damage    Failure   Level
 Freeze                   Ice            0%         1d3       32%         1
 Frozen Ramparts          Ice            0%         1d1       69%         3
 Hailstorm                Conj/Ice       0%         3d5       69%         3
 Flame Wave               Conj/Fire      4%         2d5       90%         4
 Summon Blazeheart Golem  Fire/Summ      4%         N/A       90%         4


Dungeon Overview and Level Annotations

Branches:
Dungeon (2/15)

Altars:


Innate Abilities, Weirdness & Mutations

Your spellcasting is much less encumbered by armour.
You can use scrolls of enchantment on lesser artefacts.


Message History

You hit the quokka.
You kill the quokka!
You see here a quokka corpse.
You start resting.
HP restored.
You pick up a book of Frost and begin reading...
You add the spells Freeze, Frozen Ramparts and Hailstorm to your library.
You see here a quokka corpse.
You now have 24 gold pieces (gained 8).
You see here a quokka corpse.
A frilled lizard and an endoplasm come into view.
The frilled lizard hisses angrily.
The endoplasm quivers.
You miss the frilled lizard. The frilled lizard closely misses you.
You block the frilled lizard's attack.
You miss the frilled lizard. The frilled lizard bites you.
You miss the frilled lizard. The frilled lizard bites you.
The frilled lizard attacks as it pursues you!
The frilled lizard barely misses you.
The frilled lizard attacks as it pursues you!
The frilled lizard closely misses you.
Casting: Foxfire (safe; 21% risk of failure)
Confirm with . or Enter, or press ? or * to list all spells.
You miscast Foxfire.
You are very lightly contaminated with residual magic.
Nothing appears to happen.
The frilled lizard barely misses you.
Casting: Foxfire (safe; 21% risk of failure)
Confirm with . or Enter, or press ? or * to list all spells.
You conjure some foxfire!
The frilled lizard bites you but does no damage.
You closely miss the frilled lizard.
The foxfire hits the frilled lizard.
You kill the frilled lizard!
The foxfire hits the endoplasm but does no damage.
The endoplasm freezes you.
You are frozen.
The endoplasm freezes you.
You are frozen.
* * * LOW HITPOINT WARNING * * *
The endoplasm hits you.
You die...

... ... ....
..... #.....
#...... ######
#####.......
#....#####.J...#
#........†.@##.#
#....###<.§## .#
##.### #...# .#
#.# #..## .# #.#
#..### .. #.#
##....# #.
#.####..##.# #
#.##....# .#
#.#..##.# .


You could see an endoplasm.

Vanquished Creatures
  2 ball pythons (D:1)
  2 giant cockroaches (D:1)
  A quokka (D:2)
  A frilled lizard (D:2)
  A rat (D:1)
7 creatures vanquished.

Vanquished Creatures (others)
  5 foxfires
5 creatures vanquished.

Grand Total: 12 creatures vanquished

Notes
Turn   | Place    | Note
-------+----------+-------------------------------------------
     0 | D:1      | cojito the Mountain Dwarf Wanderer began the quest for the
                  | Orb.
     0 | D:1      | cojito set off with the following items: a +0 mace, a +0
                  | buckler, a potion of heal wounds, a +0 robe; and the
                  | following spell memorised: Foxfire; and the following
                  | spells available to memorise: Flame Wave, Summon Blazeheart
                  | Golem.
     0 | D:1      | Reached XP level 1. HP: 14/14 MP: 2/2
   230 | D:2      | Slain by an endoplasm

Illustrated notes

Levels and vault maps discovered:
D:1:      evilmike_arrival_plus, layout_rooms, minmay_three_crescents
D:2:      layout_rooms, serial_corexii_hall, corexii_hall_statues_t,
          chequers_hall_statues_wall_a, hangedman_glass_teeth

Action                     || total
---------------------------++-------
  Melee: Mace              ||    17
   Cast: Foxfire           ||     3
 Armour: Robe              ||    29
  Dodge: Dodged            ||    29
  Block: Buckler           ||     5

Table legend: (Time is in decaauts)
 A = Elapsed time spent in this place.
 B = Non-inter-level travel time spent in this place.
 C = Inter-level travel time spent in this place.
 D = Time resting spent in this place.
 E = Time spent auto-exploring this place.
 F = Levels seen in this place.
 G = Mean time per level.
                   A        B        C        D        E       F      G
               +--------+--------+--------+--------+--------+-----+--------+
         Total |    235 |    235 |      0 |     58 |     50 |   2 |  117.5 |
       Dungeon |    235 |    235 |      0 |     58 |     50 |   2 |  117.5 |
               +--------+--------+--------+--------+--------+-----+--------+

Top non-repeatable levels by time:
     D:1: 139 daAuts
     D:2: 95 daAuts
